[ AOE2 MATCH · #483286964 ]
Team RMBurgundians vs Inca
[ REPLAY ANALYSIS · EXTRACTED FROM THE RECORDED GAME ]
Feudal
—
Castle
—
Imperial
—
| APM avg | 5.3 |
| APM peak | 19 |
| eAPM avg | 3.0 |
| Villagers / military | 5 / 0 |
Focus
⚔️ 0.0% · 🌾 100.0%
Feudal
—
Castle
—
Imperial
—
| APM avg | 14.9 |
| APM peak | 20 |
| eAPM avg | 8.9 |
| Villagers / military | 8 / 0 |
Focus
⚔️ 44.4% · 🌾 55.6%
Feudal
—
Castle
—
Imperial
—
| APM avg | 27.4 |
| APM peak | 36 |
| eAPM avg | 12.1 |
| Villagers / military | 14 / 0 |
Focus
⚔️ 10.9% · 🌾 89.1%
Feudal
—
Castle
—
Imperial
—
| APM avg | 11.3 |
| APM peak | 44 |
| eAPM avg | 5.9 |
| Villagers / military | 8 / 0 |
Focus
⚔️ 4.2% · 🌾 95.8%
Feudal
—
Castle
—
Imperial
—
| APM avg | 9.8 |
| APM peak | 18 |
| eAPM avg | 6.6 |
| Villagers / military | 16 / 0 |
Focus
⚔️ 8.7% · 🌾 91.3%
Feudal
—
Castle
—
Imperial
—
| APM avg | 13.6 |
| APM peak | 23 |
| eAPM avg | 5.3 |
| Villagers / military | 7 / 0 |
Focus
⚔️ 5.6% · 🌾 94.4%
Match map
Initial resources + every placement click. Lines = walls · curves = elevation contours. ◆ gold · ⬟ stone · ● berries · ✦ relic · ◌ wall gap
Your base
Garivan's base
Dinamite's base
杀人放火厉飞雨's base
benelix's base
854039402's base
Smoothed initial terrain · ◌ = detected wall gap · hover for details
Inputs per minute
— CryAndDie - - Garivan
Build order — CryAndDie
8 actions detected in the replay
| 0:03 | Build | House |
| 0:05 | Build | House |
| 0:05 | Create | Villager (Male) |
| 0:05 | Create | Villager (Male) |
| 0:06 | Create | Villager (Male) |
| 0:06 | Create | Villager (Male) |
| 1:37 | Create | Villager (Male) |
| 1:53 | Build | Lumber Camp |
Build order — Garivan
17 actions detected in the replay
| 0:05 | Build | House |
| 0:06 | Build | House |
| 0:07 | Create | Villager (Male) ×4 |
| 0:46 | Build | Palisade Wall |
| 1:06 | Build | Palisade Wall |
| 1:20 | Build | Palisade Wall |
| 1:23 | Build | Palisade Wall |
| 1:39 | Build | Palisade Wall |
| 2:10 | Create | Villager (Male) |
| 2:39 | Build | Palisade Wall |
| 3:20 | Build | Palisade Wall |
| 3:26 | Build | Palisade Wall |
| 3:36 | Build | Palisade Wall |
| 3:59 | Build | Palisade Wall |
| 4:05 | Create | Villager (Male) |
| 4:06 | Create | Villager (Male) |
| 4:57 | Create | Villager (Male) |
Build order — Dinamite
20 actions detected in the replay
| 0:01 | Create | Villager (Male) |
| 0:01 | Create | Villager (Male) |
| 0:01 | Create | Villager (Male) |
| 0:02 | Build | House |
| 0:06 | Build | House |
| 0:22 | Create | Villager (Male) |
| 1:29 | Create | Villager (Male) |
| 2:05 | Create | Villager (Male) |
| 2:06 | Create | Villager (Male) |
| 2:34 | Create | Villager (Male) |
| 3:00 | Build | House |
| 3:07 | Build | Palisade Wall |
| 3:10 | Build | Palisade Wall |
| 3:27 | Create | Villager (Male) |
| 4:03 | Create | Villager (Male) |
| 4:03 | Create | Villager (Male) |
| 4:03 | Create | Villager (Male) |
| 4:40 | Create | Villager (Male) |
| 4:40 | Create | Villager (Male) |
| 4:52 | Build | Settlement |
Build order — 杀人放火厉飞雨
10 actions detected in the replay
| 0:05 | Build | House |
| 0:06 | Build | House |
| 0:06 | Create | Villager (Male) |
| 0:07 | Create | Villager (Male) |
| 0:07 | Create | Villager (Male) |
| 0:07 | Create | Villager (Male) |
| 0:07 | Create | Villager (Male) |
| 1:33 | Create | Villager (Male) |
| 1:33 | Create | Villager (Male) |
| 2:14 | Create | Villager (Male) |
Build order — benelix
16 actions detected in the replay
| 0:09 | Create | Villager (Male) ×4 |
| 0:09 | Create | Villager (Male) ×4 |
| 0:14 | Build | House |
| 1:46 | Build | Palisade Wall |
| 1:54 | Create | Villager (Male) |
| 2:02 | Build | House |
| 2:35 | Create | Villager (Male) |
| 2:36 | Create | Villager (Male) |
| 3:09 | Create | Villager (Male) |
| 3:45 | Build | House |
| 3:51 | Create | Villager (Male) |
| 3:51 | Create | Villager (Male) |
| 4:22 | Build | Mill |
| 4:37 | Create | Villager (Male) |
| 5:03 | Research | Loom |
| 5:13 | Create | Villager (Male) |
Build order — 854039402
12 actions detected in the replay
| 2:44 | Research | Loom |
| 2:44 | Create | Villager (Male) |
| 2:45 | Create | Villager (Male) |
| 2:46 | Build | House |
| 2:48 | Build | House |
| 3:42 | Create | Villager (Male) |
| 3:42 | Create | Villager (Male) |
| 3:42 | Create | Villager (Male) |
| 3:51 | Build | House |
| 4:44 | Build | Palisade Wall |
| 4:48 | Create | Villager (Male) |
| 4:48 | Create | Villager (Male) |
Match timeline
| 0:46 | Garivan · wall_segment Palisade Wall x9 |
| 1:06 | Garivan · wall_segment Palisade Wall x11 |
| 1:20 | Garivan · wall_segment Palisade Wall x16 |
| 1:23 | Garivan · wall_segment Palisade Wall x1 |
| 1:39 | Garivan · wall_segment Palisade Wall x7 |
| 1:46 | benelix · wall_segment Palisade Wall x14 |
| 2:13 | CryAndDie · resign |
| 2:39 | Garivan · wall_segment Palisade Wall x6 |
| 3:07 | Dinamite · wall_segment Palisade Wall x6 |
| 3:10 | Dinamite · wall_segment Palisade Wall x1 |
| 3:20 | Garivan · wall_segment Palisade Wall x1 |
| 3:26 | Garivan · wall_segment Palisade Wall x4 |
| 3:36 | Garivan · wall_segment Palisade Wall x11 |
| 3:59 | Garivan · wall_segment Palisade Wall x6 |
| 4:44 | 854039402 · wall_segment Palisade Wall x12 |
[ AI ANALYSIS · 1 CREDIT ]
What really happened in this match?
Wolo.gg analyzes every decision: build order, eco, micro, common mistakes by bracket. Personalized analysis on WhatsApp or Discord in 30 seconds.
Civ guide
Burgundians
Map guide
Black Forest
Perfil
CryAndDie